 Dungeon Crawl Stone Soup version 0.16.0-8-gd9ae3a8 (webtiles) character file.

51 hulla the Changer (level 3, -4/23 HPs)
             Began as an Octopode Transmuter on Mar 16, 2015.
             Killed from afar by DuloT34's ghost (24 damage)
             ... with a stone arrow
             ... on level 3 of the Dungeon.
             The game lasted 00:15:42 (1914 turns).

hulla the Changer (Octopode Transmuter)             Turns: 1914, Time: 00:15:42

Health: -4/23      AC:  2    Str:  9    XL:     3   Next: 83%
Magic:  2/6        EV: 19    Int: 16    God:
Gold:   76         SH:  0    Dex: 17    Spells: 3 memorised, 0 levels left

rFire  + . .     SeeInvis .     l - melded +0 hunting sling
rCold  + . .     Clarity  .     (shield currently unavailable)
rNeg   . . .     SustAb   .     (helmet currently unavailable)
rPois  .         Gourm    .     (no amulet)
rElec  +         Spirit   .     t - ring of teleportation (curse)
rCorr  +         Warding  .     o - ring of protection from magic
rMut   .         Rnd*Tele +     (no ring)
MR     +....                    (no ring)
Stlth  ++........               (no ring)
                                (no ring)
                                (no ring)
                                (no ring)

@: spider-form, resistant, somewhat resistant to hostile enchantments,
unstealthy
A: almost no armour, amphibious, 8 rings, (constrict 8), (camouflage 0),
(gelatinous body 0)
a: End Transformation, Evoke Teleportation


You were on level 3 of the Dungeon.
You were not hungry.
You were a venomous arachnid creature.
You visited 1 branch of the dungeon, and saw 3 of its levels.

You collected 76 gold pieces.

Inventory:

Hand weapons
 f - a +0 spear
 l - a +0 hunting sling (melded)
Missiles
 b - 29 arrows
 e - 11 stones
 i - 14 poisoned needles
 w - 3 javelins (quivered)
Jewellery
 o - a ring of protection from magic (right front leg)
 t - a cursed ring of teleportation (left front leg)
Potions
 g - 2 potions of poison {unknown}
 h - a potion of curing {unknown}
 k - 2 potions of invisibility {unknown}
 r - 2 potions of might {unknown}
 v - a potion of flight {unknown}
Books
 d - a book of Changes

   Spells                             Type                      Level
   a - Beastly Appendage              Transmutation                1
   b - Sticks to Snakes               Transmutation                2
   c - Spider Form                    Transmutation/Poison         3
   d - Ice Form                       Ice/Transmutation            4
   e - Blade Hands                    Transmutation                5
 j - a Necronomicon {highlevel, unknown}

   This book is beyond your current level of understanding.

   Spells                             Type                      Level
   a - Haunt                          Necromancy/Summoning         7
   b - Borgnjor's Revivification      Necromancy                   8
   c - Death's Door                   Charms/Necromancy            8
   d - Necromutation                  Transmutation/Necromancy     8
Comestibles
 a - 2 bread rations
 m - 2 fruits
 n - a beef jerky


   Skills:
 - Level 1.0 Fighting
 - Level 2.0 Dodging
 - Level 3.0 Unarmed Combat
 - Level 2.0 Spellcasting
 - Level 4.0 Transmutations
 * Level 0.2 Poison Magic


You couldn't memorise any spells.
You knew the following spells:

 Your Spells              Type           Power        Failure   Level  Hunger
a - Beastly Appendage     Trmt           ##....       14%         1    #......
b - Sticks to Snakes      Trmt           ##........   21%         2    ###....
c - Spider Form           Trmt/Pois      #.........   50%         3    ###....


Dungeon Overview and Level Annotations

Branches:
Dungeon (3/15)

Altars:

Annotations:
D:2 Crazy Yiuf
D:3 DuloT34's ghost, average GrEE


Innate Abilities, Weirdness & Mutations

You cannot wear most types of armour.
You are amphibious.
You can wear up to eight rings at the same time.
((You can use your tentacles to constrict many enemies at once.))
((Your skin changes colour to match your surroundings (Stealth).))
((Your rubbery body absorbs attacks (AC +1).))


Message History

DuloT34's ghost casts a spell at you. The stone arrow misses you.
You hit DuloT34's ghost but do no damage.
DuloT34's ghost is moderately damaged.
DuloT34's ghost closely misses you.
You hit DuloT34's ghost but do no damage.
DuloT34's ghost is moderately damaged.
DuloT34's ghost hits you.
You hit DuloT34's ghost but do no damage.
DuloT34's ghost is moderately damaged.
DuloT34's ghost completely misses you.
You hit DuloT34's ghost.
DuloT34's ghost is moderately damaged.
DuloT34's ghost barely misses you.
You hit DuloT34's ghost but do no damage.
DuloT34's ghost is moderately damaged.
DuloT34's ghost points at you and mumbles some strange words.
The stone arrow hits you!
Ouch! That really hurt!
You die...

### ..# #.# ##.#######
♣♣#############.......^.#
♣.........sW.....#
################.# . #..#
.# #.## .# #.# .# #.# .#
#.### ##.# ...... ##..##
.......#..[..


You could see DuloT34's ghost.

Vanquished Creatures
  An adder (D:2)
  A giant gecko (D:2)
  3 ball pythons (D:1)
  A giant cockroach (D:1)
  4 goblins
  6 hobgoblins
  4 jackals (D:1)
  6 kobolds
  6 bats
  6 giant newts
  A rat (D:2)
39 creatures vanquished.

Notes
Turn   | Place    | Note
--------------------------------------------------------------
     0 | D:1      | hulla, the Octopode Transmuter, began the quest for the Orb.
     0 | D:1      | Reached XP level 1. HP: 13/13 MP: 3/3
   108 | D:1      | Reached XP level 2. HP: 12/18 MP: 2/4
   519 | D:1      | Reached XP level 3. HP: 23/23 MP: 6/6
   523 | D:1      | Learned a level 2 spell: Sticks to Snakes
  1244 | D:2      | Reached skill level 4 in Transmutations
  1259 | D:2      | Learned a level 3 spell: Spider Form
  1570 | D:2      | Noticed Crazy Yiuf
  1625 | D:3      | Noticed DuloT34's ghost (average GrEE)
  1914 | D:3      | Killed from afar by DuloT34's ghost

Action                   || total
-------------------------++-------
Melee: Unarmed           ||    49
Throw: Javelin           ||    47
       Stone             ||     7
 Cast: Beastly Appendage ||     4
       Spider Form       ||     2
  Use: Scroll            ||     7
       Potion            ||     1
  Eat: Chunk             ||     3
